 Dungeon Crawl Stone Soup version 0.18.1-48-g4cf74bf (webtiles) character file.

212 tobi the Covered (level 5, -2/47 HPs)
             Began as a Minotaur Fighter on Sept 9, 2016.
             Slain by a gnoll
             ... wielding a +0 spear
              (5 damage)
             ... on level 3 of the Dungeon.
             The game lasted 00:11:48 (2053 turns).

tobi the Covered (Minotaur Fighter)                 Turns: 2053, Time: 00:11:49

Health: -2/47      AC:  7    Str: 26    XL:     5   Next: 58%
Magic:  4/4        EV:  8    Int:  5    God:
Gold:   111        SH: 10    Dex: 10    Spells: 0 memorised, 4 levels left

rFire  . . .     SeeInvis .     a - +0 war axe
rCold  . . .     Gourm    .     b - +0 scale mail
rNeg   . . .     Faith    .     G - +0 shield (curse)
rPois  .         Spirit   .     (helmet restricted)
rElec  .         Dismiss  .     (no cloak)
rCorr  .         Reflect  .     (no gloves)
SustAt .         Harm     .     (no boots)
MR     .....                    (no amulet)
Stlth  ..........               (no ring)
                                (no ring)

@: mighty, very slightly contaminated, not resistant to hostile enchantments,
extremely unstealthy
A: retaliatory headbutt, horns 2
a: no special abilities


You were on level 3 of the Dungeon.
You were not hungry.

You visited 1 branch of the dungeon, and saw 4 of its levels.

You collected 111 gold pieces.

Inventory:

Hand Weapons
 a - a +0 war axe (weapon)
 j - a +0 club
 m - a cursed -1 whip
 s - a +3 flail
 w - a cursed +0 dagger
 B - a +0 spear
Missiles
 e - 43 stones
 o - 47 arrows
 F - 6 tomahawks (quivered)
Armour
 b - a +0 scale mail (worn)
 c - a +0 shield
 t - a +0 ring mail
 y - a +0 leather armour
 G - a cursed +0 shield (worn)
 H - a +0 ring mail
 I - a +0 chain mail
Jewellery
 h - an uncursed ring of loudness
Scrolls
 k - a scroll of enchant weapon
 q - 4 scrolls of remove curse
 v - a scroll of enchant armour
 A - a scroll of blinking {unknown}
 C - 2 scrolls of recharging {unknown}
 J - a scroll of identify
 K - a scroll of fog {unknown}
Potions
 n - a potion of invisibility
 p - a potion of magic
 r - a potion of curing {unknown}
 u - a potion of degeneration
 z - a potion of mutation {unknown}
 E - a potion of heal wounds {unknown}
Comestibles
 f - 3 bread rations
 g - a slice of pizza
 i - 5 meat rations
 l - 6 chunks of flesh
 x - 3 fruits
 D - a beef jerky


   Skills:
 + Level 4.6 Fighting
 + Level 3.7 Axes
 + Level 5.0 Armour
 + Level 1.5 Dodging
 + Level 4.9 Shields


You had 4 spell levels left.
You didn't know any spells.

Dungeon Overview and Level Annotations

Branches:
Dungeon (4/15)
 Temple: D:4-7

Altars:
Kikubaaqudgha
Qazlal

Annotations:
D:2 exclusion: downstairs


Innate Abilities, Weirdness & Mutations

You reflexively headbutt those who attack you in melee.
You have a pair of horns on your head.


Message History

You slash the gnoll!
You kill the gnoll!
The gnoll closely misses you. You block the gnoll's attack.
You slash the gnoll! Your headbutt misses the gnoll.
The gnoll is severely wounded.
The gnoll hits you from afar with a spear.
* * * LOW HITPOINT WARNING * * *
The gnoll hits you but does no damage.
You closely miss the gnoll.
The gnoll is severely wounded.
The gnoll hits you but does no damage. You block the gnoll's attack.
You barely miss the gnoll.
The gnoll is severely wounded.
The gnoll hits you but does no damage. x3
You slash the gnoll!
You kill the gnoll!
The gnoll hits you from afar with a spear.
* * * LOW HITPOINT WARNING * * *
The gnoll hits you with a spear.
You die...

.......### ### .....(.†.#
######.. ##.#####†# #...##.#
##.###### ###......# #.......#
###......### #.......#
###...##...##. #.......#
#...###...#...
#.......####÷##......#.##
...............g@....##.###.#..##
................###.....##.......


PPPPP............................ PP≈PPP.#.###.######..............
P≈≈≈PPP#.....####.....##........[ ≈≈♣≈≈P.####.........#.##.#.......
≈≈♣≈♣PP.......#...###.##...#..).. ≈≈♣≈≈≈P≈#####.#.### #.#......##..
♣♣P♣♣≈≈.#####...#####.......<.... You could see a gnoll.

Vanquished Creatures
  Natasha (D:3)
  7 gnolls
  5 adders
  2 worms (D:3)
  3 dart slugs
  A giant gecko (D:1)
  A ball python (D:2)
  5 giant cockroaches
  4 goblins
  6 hobgoblins
  9 jackals
  4 quokkas
  5 bats
  2 giant newts
  3 kobolds
  6 rats
64 creatures vanquished.

Notes
Turn   | Place    | Note
--------------------------------------------------------------
     0 | D:1      | tobi the Minotaur Fighter began the quest for the Orb.
     0 | D:1      | Reached XP level 1. HP: 19/19 MP: 0/0
   317 | D:1      | Reached XP level 2. HP: 27/27 MP: 1/1
   405 | D:1      | Reached skill level 4 in Armour
   495 | D:1      | Found an ancient bone altar of Kikubaaqudgha.
   495 | D:1      | Found a stormy altar of Qazlal.
   720 | D:2      | Reached XP level 3. HP: 33/33 MP: 2/2
  1065 | D:2      | Reached XP level 4. HP: 29/40 MP: 3/3
  1069 | D:2      | Reached skill level 1 in Dodging
  1885 | D:3      | Reached XP level 5. HP: 47/47 MP: 4/4
  1977 | D:3      | Noticed Natasha
  1985 | D:3      | Killed Natasha
  2039 | D:3      | Reached skill level 5 in Armour
  2053 | D:3      | Slain by a gnoll

Skill      XL: |  1  2  3  4  5 |
---------------+----------------+-----
Armour         | 4 5 |  5.0
Fighting       | 4 |  4.6
Shields        | 4 |  4.9
Axes           | 3 |  3.7
Dodging        | 1 |  1.5

Action                   |  1- 3 |  4- 6 || total
-------------------------+-------+-------++-------
Melee: War axe           |    66 |    87 ||   153
       Headbutt          |    10 |     9 ||    19
  Use: Scroll            |       |     7 ||     7
       Potion            |       |     2 ||     2
 Stab: Invisible         |       |     1 ||     1
  Eat: Chunk             |     1 |     3 ||     4
Armor: Scale mail        |    27 |    37 ||    64
Dodge: Dodged            |    18 |    32 ||    50
Block: Shield            |    40 |    48 ||    88
